 Dungeon Crawl Stone Soup version 0.26-a0-639-g72c4674329 (webtiles) character file.

Game seed: 1946469244315933940

5250 Flugslaktarn the Cleaver (level 10, -9/96 HPs)
             Began as a Deep Dwarf Fighter on Sept 28, 2020.
             Was a Priest of Makhleb.
             Killed from afar by Erica (19 damage)
             ... with a bolt of poison
             ... on level 9 of the Dungeon.
             The game lasted 00:03:42 (4229 turns).

Flugslaktarn the Cleaver (Deep Dwarf Fighter)       Turns: 4229, Time: 00:03:43

Health: -9/96      AC: 11    Str: 20    XL:     10   Next: 36%
Magic:  11/11      EV:  6    Int: 10    God:    Makhleb [***...]
Gold:   334        SH: 11    Dex: 14    Spells: 9/9 levels left

rFire    . . .     SeeInvis .   a - +1 war axe
rCold    . . .     Faith    .   c - +0 kite shield
rNeg     . . .     Spirit   .   j - +1 chain mail
rPois    .         Reflect  .   (no helmet)
rElec    .         Harm     .   (no cloak)
rCorr    .         Rampage  .   (no gloves)
MR       +....                  (no boots)
Stlth    ..........             (no amulet)
HPRegen  0.00/turn              (no ring)
MPRegen  0.12/turn              h - ring of wizardry

@: lethally poisoned (-9 -> -13), non-regenerating
A: damage resistance, heal wounds, sense surroundings 2, no regeneration
a: Heal Wounds, Minor Destruction, Lesser Servant of Makhleb, Renounce Religion


You were on level 9 of the Dungeon.
You worshipped Makhleb.
Makhleb was most pleased with you.
You visited 2 branches of the dungeon, and saw 10 of its levels.

You collected 334 gold pieces.

Inventory:

Hand Weapons
 a - a +1 war axe (weapon)
Armour
 b - a +0 scale mail
 c - a +0 kite shield (worn)
 j - a +1 chain mail (worn)
   (You found it on level 1 of the Dungeon)
Jewellery
 h - a ring of wizardry (right hand)
   (You found it on level 6 of the Dungeon)
 i - an uncursed ring of see invisible
   (You found it on level 6 of the Dungeon)
 v - an uncursed ring of see invisible
   (You found it on level 7 of the Dungeon)
Wands
 o - a wand of acid (9)
   (You found it on level 4 of the Dungeon)
 r - a wand of iceblast (6)
   (You found it on level 9 of the Dungeon)
 x - a wand of paralysis (5)
   (You found it on level 9 of the Dungeon)
Scrolls
 e - 4 scrolls of amnesia
 f - a scroll of random uselessness
 g - 4 scrolls of enchant weapon
 m - 2 scrolls of noise {unknown}
 n - 3 scrolls of remove curse {unknown}
 p - 2 scrolls of enchant armour
 t - 10 scrolls of teleportation
 u - a scroll of fog {unknown}
 y - a scroll of vulnerability {unknown}
 z - a scroll of blinking
Potions
 d - a potion of might
 k - a potion of berserk rage {unknown}
 l - 3 potions of flight
 q - a potion of mutation {unknown}
 s - 2 potions of ambrosia {unknown}
 w - a potion of heal wounds


   Skills:
 * Level 8.2 Fighting
 * Level 9.5 Axes
 + Level 7.2 Armour
 + Level 7.3 Shields
 + Level 6.7 Invocations


You had 9 spell levels left.
You didn't know any spells.
Your spell library was empty.

Dungeon Overview and Level Annotations

Branches:
Dungeon (9/15)             Temple (1/1) D:4
   Lair: D:8-11         Orc: D:9-12

Altars:
Cheibriados
Elyvilon
Gozag
Hepliaklqana
Makhleb
Nemelex Xobeh
Okawaru
Qazlal
Ru
Sif Muna
Trog
Uskayaw
Vehumet
Wu Jian
Xom
Zin

Portals:
Abyss: D:4

Annotations:
D:4 2 transporters, Alarkh's ghost, amateur DsGl
D:8 1 runed translucent door, Sassenached's ghost, novice OgWn
D:9 Erica


Innate Abilities, Weirdness & Mutations

You are resistant to damage.
You can heal yourself by infusing magical energy.
You passively map the area around you.
You do not regenerate.


Message History

You hear some strange, mumbled words.
A bolt of poison appears from out of thin air!
The bolt of poison hits you!!
You are poisoned.
* * * LOW HITPOINT WARNING * * *
You closely miss something. You block something's attack.
You closely miss something. You miss something. Something hits you.
Something burns you.
You completely miss something.
You hear some strange, mumbled words.
Something tries to affect you, but you resist.
You hit something but do no damage. Something hits you.
* * * LOW HITPOINT WARNING * * *
Something burns you.
You closely miss something.
You hear some strange, mumbled words.
A bolt of poison appears from out of thin air!
The bolt of poison hits you!!
You are more poisoned.
You die...

_ , #.. #.5......#...)..##
, * #... ,
#5######.#........ ,, #
*... , #.# * #........
#.###'######K# #........ *
.............# #....#### *
* .............######
####.#
.................... #.#
*,...........####.....,
#.# *>
,...........#@.#+###### #.
* ,..######...#{........'
** , ,
,#....'.).#.........#, ,,
....#....#...#.........#
,,
,....#....#...#.........#,
, #...#....#...#.......# ,
, ,
#...#....#)).#.......#, ,
#...##...#...###....^# * ,
, +....#...#.....#.....#
,,* ,,


There were no monsters in sight!

Vanquished Creatures
  Pikel (D:9)
  Joseph (D:9)
  2 hippogriffs
  5 yaks (D:9)
  3 orc warriors
  2 ice beasts
  A black bear (D:5)
  3 ogres
  5 centaurs
  A big kobold (D:7)
  3 bullfrogs
  A wyvern skeleton (D:9)
  4 scorpions
  4 killer bees (D:8)
  3 wights (D:8)
  A howler monkey (D:9)
  A bullfrog zombie (D:8)
  4 jellies
  3 hounds
  A quasit (D:8)
  3 bullfrog skeletons
  A centaur zombie (D:6)
  3 orc priests
  A centaur skeleton (D:6)
  Jessica (D:3)
  Natasha (thrice) (D:4)
  4 iguanas
  8 orc wizards
  6 worker ants
  3 hound skeletons
  A howler monkey skeleton (D:4)
  A worker ant zombie (D:8)
  8 adders
  A gnoll (D:1)
  3 shadow imps
  A white imp (D:5)
  An ufetubus (D:5)
  An adder skeleton (D:4)
  An adder zombie (D:9)
  A worm (D:2)
  3 dart slugs (D:1)
  4 leopard geckos
  26 orcs
  4 giant cockroaches
  3 goblins (D:1)
  4 jackals
  3 quokkas
  A ball python (D:3)
  3 bats (D:1)
  3 frilled lizards
  5 kobolds
  A quokka skeleton (D:6)
  4 rats (D:1)
165 creatures vanquished.

Vanquished Creatures (others)
  8 plants (D:7)
8 creatures vanquished.

Grand Total: 173 creatures vanquished

Notes
Turn   | Place    | Note
-------+----------+-------------------------------------------
     0 | D:1      | Flugslaktarn the Deep Dwarf Fighter began the quest for the
                  | Orb.
     0 | D:1      | Reached XP level 1. HP: 20/20 MP: 1/1
    68 | D:1      | Found a shimmering altar of Xom.
   140 | D:1      | Reached XP level 2. HP: 22/27 MP: 2/2
   166 | D:1      | Reached XP level 3. HP: 18/34 MP: 3/3
   205 | D:1      | Reached skill level 3 in Axes
   396 | D:3      | Noticed Jessica
   403 | D:3      | Killed Jessica
   403 | D:3      | Reached XP level 4. HP: 31/42 MP: 4/4
   606 | D:4      | Noticed a bullfrog
   612 | D:4      | Killed a bullfrog
   612 | D:4      | Reached XP level 5. HP: 32/50 MP: 5/5
   628 | D:4      | Reached skill level 4 in Axes
   639 | D:4      | Noticed Natasha
   651 | D:4      | Killed Natasha
   680 | D:4      | Reached XP level 6. HP: 54/57 MP: 5/5
   693 | D:4      | Noticed Natasha
   706 | D:4      | Killed Natasha
   772 | D:4      | Noticed Natasha
   776 | D:4      | Found a staircase to the Ecumenical Temple.
   874 | D:4      | Killed Natasha
  1011 | D:4      | Found a transporter.
  1013 | D:4      | Noticed a toenail golem
  1029 | D:4      | Found a transporter.
  1049 | D:4      | Noticed Alarkh's ghost (amateur DsGl)
  1073 | D:4      | Found a one-way gate to the infinite horrors of the Abyss.
  1122 | Temple   | Entered the Ecumenical Temple
  1151 | Temple   | Became a worshipper of Makhleb the Destroyer
  1381 | D:5      | Entered Level 5 of the Dungeon
  1548 | D:5      | Reached skill level 5 in Axes
  1548 | D:5      | Reached XP level 7. HP: 63/66 MP: 6/6
  1649 | D:5      | Reached skill level 1 in Invocations
  1968 | D:5      | Reached skill level 5 in Fighting
  2221 | D:6      | Reached skill level 5 in Shields
  2236 | D:6      | Reached skill level 5 in Armour
  2307 | D:6      | Reached skill level 6 in Axes
  2307 | D:6      | Reached XP level 8. HP: 32/75 MP: 8/8
  2501 | D:6      | Reached * piety under Makhleb
  2817 | D:7      | Noticed a hippogriff
  2830 | D:7      | Killed a hippogriff
  2830 | D:7      | Reached skill level 7 in Axes
  2946 | D:8      | Gained mutation: You passively map the area around you.
                  | [Deep Dwarf growth]
  2946 | D:8      | Reached XP level 9. HP: 62/85 MP: 10/10
  3207 | D:8      | Found a runed translucent door.
  3210 | D:8      | Noticed Sassenached's ghost (novice OgWn)
  3248 | D:8      | Reached skill level 8 in Axes
  3248 | D:8      | Reached skill level 5 in Invocations
  3250 | D:8      | Reached ** piety under Makhleb
  3502 | D:8      | Found a sacrificial altar of Ru.
  3849 | D:9      | Reached XP level 10. HP: 59/96 MP: 11/11
  3892 | D:9      | Reached skill level 9 in Axes
  4008 | D:9      | Noticed Joseph
  4029 | D:9      | Killed Joseph
  4148 | D:9      | Noticed Pikel
  4150 | D:9      | Reached *** piety under Makhleb
  4193 | D:9      | Killed Pikel
  4210 | D:9      | Noticed Erica
  4229 | D:9      | Killed from afar by Erica

Illustrated notes

Levels and vault maps discovered:
D:1:      ncdulo_smallfort, layout_rooms, xom_teletrap_fun
D:2:      layout_loops_ring, uniq_terence, uniq_robin
D:3:      layout_basic, minmay_misc_feat_x, uniq_jessica
D:4:      layout_gridville, minmay_temple_entry_statues_pillars,
          gammafunk_ghost_abyssal_escape, uniq_natasha
D:5:      layout_gridville
D:6:      layout_rooms, grunt_decor_resistance
D:7:      layout_gridville, chequers_big_river, nrook_mini_vaults
D:8:      cheibrodos_quashed, layout_layer_cave, nicolae_ru_path_of_blood,
          ebering_ghost_inner_flame
D:9:      lemuel_upstairs_altar, layout_irregular_city, uniq_joseph,
          uniq_harold, uniq_erica, uniq_pikel
Temple:   grunt_wide_crystal_templ

Skill      XL: |  1  2  3  4  5  6  7  8  9 10 |
---------------+-------------------------------+-----
Fighting       | 3 4 5 6 7 8 |  8.2
Axes           | 3 4 5 6 7 8 9 |  9.5
Armour         | 4 5 6 7 |  7.2
Shields        | 4 5 6 7 |  7.3
Invocations    | 2 4 6 |  6.7

Action                   |  1- 3 |  4- 6 |  7- 9 | 10-12 || total
-------------------------+-------+-------+-------+-------++-------
Melee: War axe           |    67 |   168 |   362 |    84 ||   681
       Unarmed           |       |     7 |       |       ||     7
 Abil: Heal Wounds       |     2 |     4 |    16 |     3 ||    25
  Use: Scroll            |       |       |    10 |       ||    10
       Potion            |       |       |     3 |       ||     3
Armor: Scale mail        |    19 |       |       |       ||    19
       Chain mail        |    11 |   111 |   217 |    31 ||   370
       Skin              |       |       |    18 |       ||    18
Dodge: Dodged            |    18 |    45 |   115 |    19 ||   197
Block: Kite shield       |    34 |    76 |   271 |    39 ||   420

Table legend: (Time is in decaauts)
 A = Elapsed time spent in this place.
 B = Non-inter-level travel time spent in this place.
 C = Inter-level travel time spent in this place.
 D = Time resting spent in this place.
 E = Time spent auto-exploring this place.
 F = Levels seen in this place.
 G = Mean time per level.
                   A        B        C        D        E       F      G
               +--------+--------+--------+--------+--------+-----+--------+
         Total |   4387 |   4154 |    233 |     71 |   2666 |  10 |  438.7 |
       Dungeon |   4348 |   4137 |    211 |     71 |   2651 |   9 |  483.1 |
        Temple |     38 |     17 |     21 |      0 |     15 |   1 |   38.0 |
               +--------+--------+--------+--------+--------+-----+--------+

Top non-repeatable levels by time:
     D:8: 845 daAuts
     D:4: 760 daAuts
     D:5: 743 daAuts
     D:6: 514 daAuts
     D:9: 513 daAuts
     D:7: 313 daAuts
     D:1: 268 daAuts
     D:3: 258 daAuts
     D:2: 132 daAuts
  Temple: 38 daAuts
